 Dungeon Sprint DCSS version 0.19-a0-1498-g0b85ae9 (webtiles) character file.

1300000 poirepourri the Ninja (level 14, -2/59 HPs)
             Began as a Spriggan Enchanter on Sept 10, 2016.
             Was a Follower of Makhleb.
             Slain by a meat berserker
             ... wielding a +9 battleaxe
              (61 damage)
             ... in the Dungeon (Sprint VIII: "Arena of Blood").
             The game lasted 00:00:26 (13 turns).

poirepourri the Ninja (Spriggan Enchanter)            Turns: 13, Time: 00:00:27

Health: -2/59      AC:  3    Str:  4    XL:     14   Next: 78%
Magic:  7/42       EV: 37    Int: 18    God:    Makhleb [*.....]
Gold:   0          SH:  0    Dex: 20    Spells: 1 memorised, 59 levels left

rFire  . . .     SeeInvis +     k - +∞ Axe of Woe
rCold  . . .     Gourm    .     b - +1 robe
rNeg   . . .     Faith    .     (shield currently unavailable)
rPois  .         Spirit   .     (helmet restricted)
rElec  .         Dismiss  .     (no cloak)
rCorr  .         Reflect  .     (gloves unavailable)
MR     ++...     Harm     .     (boots unavailable)
Stlth  ++++++++++ NoTele   +    (no amulet)
                                (no ring)
                                (no ring)

@: very quick
A: unfitting armour, see invisible, herbivore 3, speed 3, slow metabolism 2
a: Renounce Religion


You were in the Dungeon.
You worshipped Makhleb.
Makhleb was aware of your devotion.
You were not hungry.

You visited 1 branch

Inventory:

Hand Weapons
 a - a +1 dagger
 k - the +∞ Axe of Woe (weapon)
   (You found it in the Dungeon)
Armour
 b - a +1 robe (worn)
Scrolls
 j - a scroll of blinking
Potions
 e - a potion of curing
 f - a potion of heal wounds
 g - a potion of haste
 h - 2 potions of magic
 i - a potion of berserk rage
Books
 c - a book of Maledictions

   Spells                             Type                      Level
   a - Corona                         Hexes                        1
   b - Ensorcelled Hibernation        Hexes/Ice                    2
   c - Confuse                        Hexes                        3
   d - Tukima's Dance                 Hexes                        3
   e - Dazzling Spray                 Conjuration/Hexes            3
Comestibles
 d - a bread ration


   Skills:
 + Level 6.3 Short Blades
 + Level 22.3 Dodging
 O Level 27 Stealth
 + Level 23.5 Spellcasting
 O Level 27 Hexes


You had 59 spell levels left.
You knew the following spells:

 Your Spells              Type           Power        Failure   Level  Hunger
a - Corona                Hex            #######      0%          1    None


Dungeon Overview and Level Annotations

Branches:
Dungeon (1/1)

Altars:
Makhleb


Innate Abilities, Weirdness & Mutations

You are tiny and cannot use many weapons and most armour.
You have supernaturally acute eyesight. (SInv)
You are a herbivore.
You cover ground extremely quickly.
You need consume almost no food.


Message History

You have reached level 14!
You hear a shout! x8
A bag of meat comes into view. It is wielding a +9 war axe.
A bag of meat comes into view. It is wielding a +9 war axe.
The bag of meat shouts!
You hear a shout! x3
You hit the bag of meat but do no damage.
You fatally mangle the bag of meat.
You kill the bag of meat!
Makhleb accepts your kill.
You can now gain health from killing.
Your Short Blades skill increases to level 6!
Your Dodging skill gained 3 levels and is now at level 22!
Your Spellcasting skill gained 3 levels and is now at level 23!
The meat berserker appears out of thin air!
A meat berserker comes into view. It is wielding a +9 battleaxe.
You hear a shout! x8
The meat berserker rages.
You hear a shout! x3
The meat berserker hits you with a +9 battleaxe!!!
Ouch! That really hurt!
You die...

...... .. .....
#. ....# #.. .o.#
.. .###..
...###...
......###o.......
......_.........
#...).# #_.O@_#
#....)#
......_).O.....
......###....o..
.###.. .o.###..
#O. ...# . #.
...# .. .....
...o


You could see 3 meat berserkers and 4 bags of meat.

Vanquished Creatures
  An ogre (D)
  3 orcs (D)
4 creatures vanquished.

Notes
Turn   | Place    | Note
-------+----------+-------------------------------------------
     0 | D        | poirepourri the Spriggan Enchanter began the quest for the Orb.
     0 | D        | Reached XP level 1. HP: 9/9 MP: 5/5
     3 | D        | Noticed a bag of meat
     3 | D        | Noticed a meat berserker
     5 | D        | Noticed a bag of meat
     6 | D        | Noticed a bag of meat
     6 | D        | Killed a meat berserker
     6 | D        | Reached skill level 15 in Dodging
     6 | D        | Reached XP level 2. HP: 13/13 MP: 5/20
     6 | D        | Reached XP level 3. HP: 16/16 MP: 5/21
     6 | D        | Reached XP level 4. HP: 21/21 MP: 5/23
     6 | D        | Reached XP level 5. HP: 24/24 MP: 5/24
     6 | D        | Reached XP level 6. HP: 28/28 MP: 5/26
     6 | D        | Reached XP level 7. HP: 32/32 MP: 5/27
     6 | D        | Reached XP level 8. HP: 36/36 MP: 5/29
     6 | D        | Reached XP level 9. HP: 39/39 MP: 5/30
     6 | D        | Reached XP level 10. HP: 44/44 MP: 5/31
     6 | D        | Reached XP level 11. HP: 47/47 MP: 5/32
     6 | D        | Reached XP level 12. HP: 51/51 MP: 5/33
     6 | D        | Reached XP level 13. HP: 55/55 MP: 5/34
     7 | D        | Noticed a bag of meat
     7 | D        | Became a worshipper of Makhleb the Destroyer
     8 | D        | Noticed a bag of meat
     9 | D        | Noticed a bag of meat
    10 | D        | Killed a bag of meat
    10 | D        | Reached skill level 27 in Stealth
    11 | D        | Noticed a meat berserker
    11 | D        | Noticed a bag of meat
    11 | D        | Killed a bag of meat
    11 | D        | Reached skill level 5 in Short Blades
    11 | D        | Reached skill level 27 in Hexes
    11 | D        | Reached XP level 14. HP: 59/59 MP: 6/39
    12 | D        | Noticed a bag of meat
    12 | D        | Noticed a bag of meat
    13 | D        | Killed a bag of meat
    13 | D        | Reached * piety under Makhleb
    13 | D        | Slain by a meat berserker

Vault maps used:
D:        meatsprint

Skill      XL: |  1  2  3  4  5  6  7  8  9 10 11 12 13 14 |
---------------+-------------------------------------------+-----
Short Blades   | 3 5 6 |  6.3
Dodging        | 15 19 22 | 22.3
Stealth        | 26 27 | 27.0
Spellcasting   | 16 20 23 | 23.5
Hexes          | 24 27 | 27.0

Action                   |  1- 3 |  4- 6 |  7- 9 | 10-12 | 13-15 || total
-------------------------+-------+-------+-------+-------+-------++-------
Melee: Broad axe         |     1 |       |       |       |     3 ||     4
Dodge: Dodged            |     1 |       |       |       |       ||     1
